 Dungeon Crawl Stone Soup version 0.31-a0-267-g3fc6992b3b (webtiles) character file.

Game seed: 4411306290971658086

12808 Essalna the Warrior (level 11, -8/83 HPs)
             Began as a Gargoyle Earth Elementalist on July 14, 2023.
             Was an Elder of Vehumet.
             Killed from afar by a gargoyle (30 damage)
             ... with a stone arrow
             ... on level 13 of the Dungeon.
             The game lasted 00:23:49 (12750 turns).

Essalna the Warrior (Gargoyle Earth Elementalist)  Turns: 12750, Time: 00:23:49

Health: -8/83      AC: 20    Str: 11    XL:     11   Next: 99%
Magic:  6/14       EV: 11    Int: 21    God:    Vehumet [****..]
Gold:   1563       SH:  0    Dex: 10    Spells: 10/14 levels left

rFire   + . .        c - staff of earth
rCold   . . .        (no shield)
rNeg    + . .        s - +2 robe {Will+}
rPois   ∞            (no helmet)
rElec   +            k - +2 cloak {Will+}
rCorr   .            u - +0 pair of gloves
SInv    .            (no boots)
Will    ++...        y - amulet of the acrobat
Stlth   ++           K - +4 ring of protection
HPRegen 0.33/turn    p - ring of protection from fire
MPRegen 0.14/turn

%: acrobat
@: studying 2 skills
A: sickness immunity, AC +8, negative energy resistance 1, electricity
resistance, torment resistance 1, petrification resistance
a: Renounce Religion


You were on level 13 of the Dungeon.
You worshipped Vehumet.
Vehumet was greatly pleased with you.
You visited 2 branches of the dungeon, and saw 14 of its levels.
You also visited: Ossuary and Bailey.

You collected 1563 gold pieces.

Inventory:

Hand Weapons
 n - a +2 short sword of venom
Missiles
 m - 3 throwing nets
Armour
 a - a +1 robe
 k - a +2 cloak of willpower (worn)
 s - a +2 robe of willpower (worn)
 u - a +0 pair of gloves (worn)
Magical Staves
 c - a staff of earth (weapon)
 d - a staff of poison
Jewellery
 l - a ring of protection from cold
 p - a ring of protection from fire (right hand)
 y - an amulet of the acrobat (around neck)
 F - a ring of positive energy
 I - a ring of see invisible
 K - a +4 ring of protection (left hand)
Wands
 i - a wand of polymorph (23)
 j - a wand of flame (34)
 t - a wand of light (3)
 J - a wand of charming (9)
 N - a wand of digging (7)
Scrolls
 e - 12 scrolls of identify
 f - 2 scrolls of amnesia
 o - a scroll of enchant weapon
 r - a scroll of blinking
 x - a scroll of fog
 A - a scroll of torment
 C - a scroll of revelation
 E - 2 scrolls of enchant armour
 H - a scroll of fear
Potions
 b - a potion of ambrosia
 g - a potion of berserk rage
 h - 8 potions of might {unknown}
 q - 5 potions of curing {unknown}
 v - 2 potions of enlightenment {unknown}
 w - 3 potions of brilliance {unknown}
 z - a potion of attraction {unknown}
 B - 5 potions of heal wounds {unknown}
 D - a potion of lignification {unknown}
 G - a potion of mutation {unknown}
 L - a potion of resistance {unknown}
 M - 2 potions of degeneration {unknown}


   Skills:
 + Level 16.1 Fighting
 - Level 1.5 Dodging
 - Level 2.1 Stealth
 - Level 2.0 Spellcasting
 - Level 8.0 Conjurations
 - Level 0.7 Transmutations
 + Level 14.9 Earth Magic


You had 10 spell levels left.
You knew the following spells:

 Your Spells              Type           Power      Damage    Failure   Level
a - Sandblast             Erth           100%       2d20      1%          1
b - Stone Arrow           Conj/Erth      100%       3d13      1%          3

Your spell library contained the following spells:

 Spells                   Type           Power      Damage    Failure   Level
 Flame Wave               Conj/Fire      18%        2d7       8%          4
 Passwall                 Tmut/Erth      42%        N/A       1%          2
 Dazzling Flash           Conj/Hex       36%        N/A       2%          3
 Mephitic Cloud           Conj/Pois/Air  13%        N/A       4%          3
 Poisonous Vapours        Pois/Air       4%         N/A       6%          2
 Petrify                  Tmut/Erth      51%        N/A       6%          4
 Iskenderun's Mystic Bla  Conj/Tloc      18%        2d6       8%          4
 Ignite Poison            Fire/Tmut/Pois 3%         N/A       11%         3
 Ensorcelled Hibernation  Hex/Ice        4%         N/A       22%         2
 Freezing Cloud           Conj/Ice/Air   6%         6-21      32%         5
 Portal Projectile        Hex/Tloc       4%         N/A       41%         3
 Swiftness                Air            2%         N/A       41%         3
 Tukima's Dance           Hex            2%         N/A       41%         3
 Anguish                  Hex/Necr       1%         N/A       82%         4
 Cause Fear               Hex            1%         N/A       82%         4
 Agony                    Necr           2%         N/A       99%         5
 Silence                  Hex/Air        1%         N/A       99%         5
 Enfeeble                 Hex            1%         N/A       100%        7
 Haunt                    Necr/Summ      1%         N/A       100%        7
 Borgnjor's Revivificati  Necr           1%         N/A       100%        8
 Death's Door             Necr           1%         N/A       100%        9
 Cigotuvi's Dreadful Rot  Necr/Pois/Air  Unusable   N/A       N/A         2

Dungeon Overview and Level Annotations

Branches:
Dungeon (13/15)            Temple (1/1) D:6            Lair (0/5) D:9
    Orc (0/2) D:11        Ossuary (visited)          Bailey (visited)
 Vaults: D:13-14

Altars:
Ashenzari
Cheibriados
Dithmenos
Elyvilon
Fedhas
Gozag
Hepliaklqana
Kikubaaqudgha
Makhleb
Nemelex Xobeh
Okawaru
Qazlal
Ru
Sif Muna
Trog
Uskayaw
Vehumet
Wu Jian
Xom
Yredelemnul
Zin
The Shining One

Shops:
D:11 !

Portals:
Trove: D:11 (give +3 fire dragon scales)

Annotations:
D:10 2 transporters, hackon's ghost, journeyman OgFE


Innate Abilities, Weirdness & Mutations

You are immune to sickness and miasma.
Your stone body is resilient. (AC +8)
You are immune to poison.
You resist negative energy. (rN+)
You are resistant to electric shocks. (rElec)
You are resistant to unholy torment.
You are immune to petrification.


Message History

Vehumet accepts your kill.
You feel your power returning. The vampire mosquito bites you.
The gargoyle enters a dispersal trap!
The cyan ugly thing blinks!
The vampire mosquito blinks!
You blink.
Found 4 stones.
The gargoyle blinks!
The vampire mosquito bites you but does no damage.
The cyan ugly thing tail-slaps you. The cyan ugly thing shocks you. You resist.
The gargoyle hurls a stone arrow at you.
The stone arrow hits you.
Casting: Sandblast (safe; 1% risk of failure)
Confirm with . or Enter, or press ? or * to list all spells.
Aiming: Sandblast (safe; 1% risk of failure)
Press: ? - help, Shift-Dir - straight line, f - vampire mosquito
Aim: a vampire mosquito (76% to hit)
Okay, then.
Unknown command.
Casting: Sandblast (safe; 1% risk of failure)
Confirm with . or Enter, or press ? or * to list all spells.
Aiming: Stone Arrow (safe; 1% risk of failure)
Press: ? - help, Shift-Dir - straight line, f - cyan ugly thing
Aim: a cyan ugly thing (moderately wounded, 78% to hit)
You feel a surge of power!
The stone arrow hits the cyan ugly thing!!
The cyan ugly thing is heavily wounded.
The vampire mosquito misses you. The vampire mosquito bites you.
The cyan ugly thing tail-slaps you but does no damage.
Casting: Stone Arrow (safe; 1% risk of failure)
Confirm with . or Enter, or press ? or * to list all spells.
Aiming: Stone Arrow (safe; 1% risk of failure)
Press: ? - help, Shift-Dir - straight line, f/p - cyan ugly thing
Aim: a cyan ugly thing (heavily wounded, 78% to hit)
You feel a surge of power!
The stone arrow hits the cyan ugly thing!
The cyan ugly thing is severely wounded.
The vampire mosquito bites you but does no damage.
The vampire mosquito closely misses you.
The cyan ugly thing tail-slaps you! The cyan ugly thing shocks you. You resist.
* * * LOW HITPOINT WARNING * * *
The gargoyle hurls a stone arrow at you.
The stone arrow hits you!!
You die...

#♣##
+..##
#♣§(##
#.9.#
##@^♣
#uy.#
#..♣#
(..#
..##
..##
♣#


You could see a cyan ugly thing, a vampire mosquito and a gargoyle.

Vanquished Creatures
  Erolcha (D:9)
  2 two-headed ogres
  Pikel (D:6)
  2 ugly things
  A manticore (D:12)
  2 cyclopes
  A troll (D:12)
  Sigmund (D:5)
  4 wyverns
  9 yaks
  A basilisk (D:9)
  2 steam dragons
  A vampire mosquito (D:13)
  Menkaure (D:6)
  An acid dragon (D:10)
  5 water moccasins
  2 ice beasts
  12 orc warriors
  A sky beast (D:8)
  A black bear (D:5)
  3 ogres
  3 centaurs
  2 phantoms
  An elf zombie (Ossuary)
  2 lemures (D:6)
  3 kobold brigands
  3 bullfrogs (D:7)
  A gnoll sergeant (D:11)
  4 scorpions
  11 killer bees
  4 howler monkeys
  2 human zombies (Ossuary)
  4 hounds
  3 centaur zombies (Ossuary)
  2 jellies
  2 gnoll boudas (D:9)
  10 orc priests
  Crazy Yiuf (D:3)
  2 iguanas (D:5)
  13 orc wizards
  2 mummies (Ossuary)
  21 gnolls
  7 adders
  2 white imps (D:6)
  2 adder zombies (Ossuary)
  A worm (D:3)
  3 dart slugs
  52 orcs
  9 endoplasms
  2 giant cockroaches
  10 goblins
  6 hobgoblins
  7 jackals
  20 kobolds
  5 quokkas
  4 ball pythons
  3 bats
  A frilled lizard (D:2)
  12 hobgoblin zombies (Ossuary)
  5 kobold zombies (Ossuary)
  11 orc zombies (Ossuary)
  4 rats
  A rat zombie (Ossuary)
317 creatures vanquished.

Vanquished Creatures (others)
  2 kobolds (D:7)
2 creatures vanquished.

Grand Total: 319 creatures vanquished

Notes
Turn   | Place    | Note
-------+----------+-------------------------------------------
     0 | D:1      | Essalna the Gargoyle Earth Elementalist began the quest for
                  | the Orb.
     0 | D:1      | Reached XP level 1. HP: 10/10 MP: 3/3
   162 | D:1      | Reached skill level 1 in Fighting
   162 | D:1      | Reached XP level 2. HP: 16/16 MP: 1/5
  1022 | D:2      | Reached skill level 2 in Fighting
  1022 | D:2      | Reached XP level 3. HP: 21/21 MP: 3/6
  1156 | D:2      | Learned a level 3 spell: Stone Arrow
  1588 | D:2      | Reached XP level 4. HP: 27/27 MP: 5/7
  1712 | D:2      | Reached skill level 1 in Conjurations
  1716 | D:2      | Reached skill level 3 in Fighting
  1716 | D:2      | Reached skill level 5 in Earth Magic
  1716 | D:2      | Reached XP level 5. HP: 5/32 MP: 2/8
  1834 | D:2      | Found a faded altar of an unknown god.
  2032 | D:3      | Found a shimmering blue altar of Sif Muna.
  2478 | D:3      | Found a runed translucent door.
  2479 | D:3      | Noticed Crazy Yiuf
  2486 | D:3      | Killed Crazy Yiuf
  2487 | D:3      | Reached XP level 6. HP: 17/37 MP: 4/9
  2727 | D:3      | Found a sparkling altar of Nemelex Xobeh.
  3168 | D:4      | Reached skill level 4 in Fighting
  4029 | D:5      | Entered Level 5 of the Dungeon
  4078 | D:5      | Reached XP level 7. HP: 44/44 MP: 7/10
  4202 | D:5      | Noticed a wyvern
  4207 | D:5      | Killed a wyvern
  4208 | D:5      | Reached skill level 5 in Fighting
  4216 | D:5      | Noticed Sigmund
  4439 | D:5      | Killed Sigmund
  4440 | D:5      | Reached XP level 8. HP: 50/50 MP: 4/11
  4501 | D:5      | Reached skill level 5 in Conjurations
  4549 | D:5      | Found a white marble altar of Elyvilon.
  4784 | D:5      | Found a stormy altar of Qazlal.
  4784 | D:5      | Found a bloodstained altar of Trog.
  4785 | D:5      | Found a shadowy altar of Dithmenos.
  4889 | D:5      | Reached skill level 6 in Fighting
  5205 | D:6      | Noticed Pikel
  5209 | D:6      | Killed Pikel
  5210 | D:6      | Reached skill level 7 in Fighting
  5210 | D:6      | Reached XP level 9. HP: 48/57 MP: 7/12
  5432 | D:6      | Noticed Menkaure
  5435 | D:6      | Killed Menkaure
  5772 | D:6      | Found a staircase to the Ecumenical Temple.
  5788 | Temple   | Entered the Ecumenical Temple
  5816 | Temple   | Became a worshipper of Vehumet
  5870 | D:6      | Reached skill level 8 in Fighting
  6309 | D:7      | Found an ornate altar of the Wu Jian Council.
  6309 | D:7      | Found a hazy altar of Hepliaklqana.
  6309 | D:7      | Found an opulent altar of Gozag.
  6340 | D:7      | Noticed a cyclops
  6383 | D:7      | Reached skill level 10 in Earth Magic
  6413 | D:7      | Found a sand-covered staircase.
  6422 | Ossuary  | Entered an ossuary
  6532 | Ossuary  | Reached * piety under Vehumet
  6532 | Ossuary  | Offered knowledge of Foxfire by Vehumet.
  6698 | Ossuary  | Reached XP level 10. HP: 61/65 MP: 4/13
  6906 | D:7      | Found a flagged portal.
  6912 | D:7      | Reached skill level 9 in Fighting
  6928 | Bailey   | Entered a bailey
  7011 | Bailey   | Reached ** piety under Vehumet
  7098 | Bailey   | Offered knowledge of Searing Ray by Vehumet.
  7415 | Bailey   | Noticed an orc knight
  7438 | Bailey   | HP: 1/67 [orc knight/+0 halberd (17)]
  7670 | D:8      | Found a sacrificial altar of Ru.
  7858 | D:8      | Reached skill level 10 in Fighting
  7873 | D:8      | Found a glowing golden altar of the Shining One.
  8195 | D:8      | Found a broken altar of Ashenzari.
  8815 | D:9      | Offered knowledge of Static Discharge by Vehumet.
  8817 | D:9      | Reached skill level 11 in Fighting
  9305 | D:7      | Killed a cyclops
  9306 | D:7      | Reached skill level 12 in Fighting
  9321 | D:7      | Reached *** piety under Vehumet
  9546 | D:7      | Found a hide-covered altar of Uskayaw.
  9546 | D:7      | Found an iron altar of Okawaru.
  9958 | D:8      | Reached XP level 11. HP: 59/76 MP: 6/14
 10013 | D:9      | Noticed a cyclops
 10165 | D:9      | Noticed Erolcha
 10171 | D:9      | Killed Erolcha
 10172 | D:9      | Reached skill level 13 in Fighting
 10232 | D:9      | Killed a cyclops
 10319 | D:9      | Noticed a two-headed ogre
 10323 | D:9      | Killed a two-headed ogre
 10324 | D:9      | Reached skill level 14 in Fighting
 10438 | D:9      | Found a staircase to the Lair.
 10564 | D:9      | Offered knowledge of Flame Wave by Vehumet.
 10778 | D:10     | Entered Level 10 of the Dungeon
 10788 | D:10     | Identified a scroll of acquirement
 10788 | D:10     | Acquired 647 gold pieces
 10838 | D:10     | Noticed hackon's ghost (journeyman OgFE)
 10853 | D:10     | Found a transporter.
 10858 | D:10     | Found a transporter.
 10976 | D:10     | Found a burning altar of Makhleb.
 11450 | D:11     | Noticed a white ugly thing
 11458 | D:11     | Killed a white ugly thing
 11545 | D:11     | Reached skill level 15 in Fighting
 11731 | D:11     | Found a staircase to the Orcish Mines.
 11765 | D:11     | Reached **** piety under Vehumet
 11888 | D:11     | Found Viakky's Distillery.
 12200 | D:11     | Found a portal to a secret trove of treasure.
 12443 | D:12     | Noticed a two-headed ogre
 12448 | D:12     | Killed a two-headed ogre
 12571 | D:12     | Noticed a manticore
 12578 | D:12     | Killed a manticore
 12624 | D:12     | Noticed a cyan ugly thing
 12630 | D:12     | Killed a cyan ugly thing
 12631 | D:12     | Reached skill level 16 in Fighting
 12719 | D:12     | Noticed a cyan ugly thing
 12720 | D:12     | Noticed a skeletal warrior
 12720 | D:12     | Noticed a skeletal warrior
 12724 | D:12     | Noticed a skeletal warrior
 12750 | D:13     | Killed from afar by a gargoyle

Illustrated notes

Levels and vault maps discovered:
D:1:      dpeg_arrival_simpleton_a, layout_loops_corners,
          minmay_misc_feat_roman, chequers_jeans, nicolae_grassy_gnolls
D:2:      layout_loops_ring, shapermc_ecumenical_altar_mp_highgroup,
          ebering_dispersal_statue_hall, minmay_misc_feat_diagonals,
          dk_noncrumbling_3
D:3:      layout_basic, nemelex_dance_club_becter,
          mainiacjoe_overflow_tiny_flanked, kennysheep_generic_room_13,
          uniq_crazy_yiuf_cottage
D:4:      layout_basic
D:5:      layout_loops_ring, gammafunk_temple_overflow_claw,
          nicolae_elyvilon_temple_path, minmay_starry_boxes, uniq_sigmund
D:6:      layout_loops_ring, minmay_temple_entry_waves, st_stairs_2,
          minivault_19, uniq_pikel, uniq_menkaure
D:7:      minmay_skewed_foursquare, layout_basic,
          gammafunk_temple_overflow_forgotten,
          chequers_temple_overflow_statue_of_worship,
          chequers_ossuary_entry_cave, enter_bailey_5, minmay_manual_maat
D:8:      layout_loops_corners, nicolae_ru_awakened_eye,
          mainiacjoe_overflow_paths, mainiacjoe_overflow_24_doors
D:9:      layout_loops_ring, minmay_lair_entry_grove, item_on_display_a,
          uniq_erolcha
D:10:     layout_loops_ring, bloody_makhleb, gammafunk_ghost_hive
D:11:     layout_irregular_city, erik_orc_3, serial_shops,
          nicolae_stop_n_shop_2, enter_trove_6
D:12:     dreamdust_labyrinth, layout_basic
D:13:     layout_basic, david_vaults_4, grunt_ministairs_8, minivault_10,
          chequers_serial_rivers_large_a
Temple:   nicolae_temple_ecumenical_triangle

Skill      XL: |  1  2  3  4  5  6  7  8  9 10 11 |
---------------+----------------------------------+-----
Fighting       | 1 2 3 4 5 7 8 12 16 | 16.1
Earth Magic    | 4 5 6 7 8 10 12 14 | 14.9
Conjurations   | 1 2 3 4 6 8 |  8.0
Dodging        | |  1.5
Stealth        | |  2.1
Spellcasting   | |  2.0
Transmutations | |  0.7

Action                     |  1- 3 |  4- 6 |  7- 9 | 10-12 || total
---------------------------+-------+-------+-------+-------++-------
  Melee: Staff             |       |     4 |    25 |       ||    29
   Cast: Sandblast         |    35 |    76 |   159 |   275 ||   545
         Stone Arrow       |       |       |     5 |    22 ||    27
  Evoke: Wand              |       |       |       |     6 ||     6
    Use: Potion            |       |     1 |       |       ||     1
         Scroll            |       |     4 |       |    12 ||    16
 Armour: Robe              |     3 |     9 |    44 |   174 ||   230
  Dodge: Dodged            |     5 |    11 |    44 |   183 ||   243

Table legend: (Time is in decaauts)
 A = Elapsed time spent in this place.
 B = Non-inter-level travel time spent in this place.
 C = Inter-level travel time spent in this place.
 D = Time resting spent in this place.
 E = Time spent auto-exploring this place.
 F = Levels seen in this place.
 G = Mean time per level.
                   A        B        C        D        E       F      G
               +--------+--------+--------+--------+--------+-----+--------+
         Total |  13024 |  12379 |    645 |    155 |  10323 |  16 |  814.0 |
       Dungeon |  11958 |  11321 |    637 |    155 |   9628 |  13 |  919.8 |
        Temple |     37 |     29 |      8 |      0 |     14 |   1 |   37.0 |
       Ossuary |    471 |    471 |      0 |      0 |    302 |   1 |  471.0 |
        Bailey |    556 |    556 |      0 |      0 |    379 |   1 |  556.0 |
               +--------+--------+--------+--------+--------+-----+--------+

Top non-repeatable levels by time:
     D:8: 1620 daAuts
     D:4: 1243 daAuts
     D:6: 1149 daAuts
     D:5: 1143 daAuts
    D:11: 1066 daAuts
     D:1: 1026 daAuts
     D:7: 1002 daAuts
     D:2: 988 daAuts
     D:9: 943 daAuts
     D:3: 821 daAuts
    D:10: 604 daAuts
  Bailey: 556 daAuts
 Ossuary: 471 daAuts
    D:12: 341 daAuts
  Temple: 37 daAuts
